 Dungeon Crawl Stone Soup version 0.31-a0-232-gb1c03b2570 (webtiles) character file.

Game seed: 8658756117220145481

417 qw the Shooter (level 6, 0/53 HPs)
             Began as a Minotaur Hexslinger on July 7, 2023.
             Killed by nerve-wracking pain
             ... invoked by a shadow imp
             ... summoned by Eustachio
              (10 damage)
             ... on level 4 of the Dungeon.
             The game lasted 00:01:04 (2551 turns).

qw the Shooter (Minotaur Hexslinger)                Turns: 2551, Time: 00:01:05

Health: 0/53       AC:  4    Str: 12    XL:     6   Next: 61%
Magic:  6/6        EV: 17    Int: 10    God:
Gold:   123        SH:  0    Dex: 15    Spells: 6/7 levels left

rFire   . . .        Y - +2 sling (freeze)
rCold   . . .        (no shield)
rNeg    . . .        d - +0 leather armour
rPois   .            (helmet restricted)
rElec   .            i - +0 cloak
rCorr   .            (no gloves)
SInv    .            (no boots)
Will    .....        (no amulet)
Stlth   +            j - +5 ring of evasion
HPRegen 0.28/turn    (no ring)
MPRegen 0.10/turn

%: no passive effects
@: no status effects
A: horns 2, retaliatory headbutt
a: no special abilities


You were on level 4 of the Dungeon.
You visited 1 branch of the dungeon, and saw 4 of its levels.

You collected 123 gold pieces.


Innate Abilities, Weirdness & Mutations

You have a pair of horns on your head.
You reflexively headbutt those who attack you in melee.


   Skills:
 - Level 4.4 Fighting
 + Level 6.3 Ranged Weapons
 - Level 2.2 Armour
 - Level 2.1 Dodging
 - Level 1.0 Spellcasting
 - Level 2.0 Hexes


You had 6 spell levels left.
You knew the following spells:

 Your Spells              Type           Power      Damage    Failure   Level
a - Slow                  Hex            16%        N/A       19%         1

Your spell library contained the following spells:

 Spells                   Type           Power      Damage    Failure   Level
 Inner Flame              Hex/Fire       2%         N/A       65%         3
 Portal Projectile        Hex/Tloc       4%         N/A       65%         3
 Cause Fear               Hex            2%         N/A       88%         4

Inventory:

Hand Weapons
 Y - a +2 sling of freezing (weapon)
Armour
 d - a +0 leather armour (worn)
 i - a +0 cloak (worn)
Jewellery
 j - a +5 ring of evasion (left hand)
Scrolls
 e - 2 scrolls of identify
Potions
 a - 3 potions of enlightenment
 c - a potion of might
 f - a potion of mutation {unknown}
 g - a potion of brilliance {unknown}
 h - a potion of lignification {unknown}

Dungeon Overview and Level Annotations

Branches:
Dungeon (4/15)
 Temple: D:4-7

Altars:

Shops:
D:3 (

Annotations:
D:4 Eustachio


Message History

The sling bullet barely misses Eustachio.
Eustachio hits you with a +0 rapier. The shadow imp barely misses you.
You shoot a sling bullet.
The sling bullet hits Eustachio but does no damage.
Eustachio is heavily wounded.
Eustachio misses you.
The shadow imp hits you but does no damage.
You shoot a sling bullet.
The sling bullet barely misses Eustachio.
Eustachio hits you with a +0 rapier. The shadow imp misses you.
You furiously retaliate!
You headbutt the shadow imp. You shoot a sling bullet.
The sling bullet hits Eustachio.
The sling bullet freezes Eustachio.
Eustachio is severely wounded.
Eustachio casts a spell.
The shadow imp gestures at you. Pain shoots through your body!
You shoot a sling bullet.
The sling bullet barely misses Eustachio.
Eustachio mumbles some strange words.
The shadow imp closely misses you. You furiously retaliate!
You headbutt the shadow imp. The ufetubus barely misses you.
The ufetubus completely misses you. Eustachio barely misses you.
You furiously retaliate!
You headbutt Eustachio. You shoot a sling bullet.
The sling bullet hits the shadow imp.
The shadow imp is almost dead.
The ufetubus misses you. You furiously retaliate!
You headbutt the ufetubus. The ufetubus closely misses you.
The shadow imp gestures at you. Pain shoots through your body!
The ufetubus barely misses you. The ufetubus closely misses you.
Eustachio brags, "I can call spirits from the vasty deep."
Eustachio misses you. The shadow imp barely misses you.
You shoot a sling bullet.
The sling bullet barely misses the shadow imp.
The ufetubus barely misses you.
The ufetubus hits you but does no damage.
Eustachio hits you with a +0 rapier. The shadow imp gestures at you.
Pain shoots through your body!
You die...

#.......... .....7~~~~~~
#...7~~~~~~~~ ~~Pg~~
##...7~~~~~~~~ ~~~.~77
#....~~~~~~~7777 ~~~.~~7
.....~~~P~~~77~777~~~.~~7
.....7~~~~~~7~..~7~)~.~~7
......P~~P~~~....7g~~.~~P
.......P~~......@@7~~.~7
........7......555~~~.~7
..................7~~.~7
....%........(...7~~~.~7
.................7P~P.~~~
..............>..7PP~.~~~
.................7P~~.~P~
.................7~~~.P~~
...)..............~~P.~P


You could see Eustachio, a gnoll, a shadow imp (summoned) and 2 ufetubi.

Vanquished Creatures
  An ogre (D:4)
  A bullfrog (D:4)
  A scorpion (D:4)
  An orc priest (D:4)
  A sleepcap (D:3)
  2 gnolls (D:4)
  5 adders
  A worm (D:2)
  3 dart slugs
  An orc (D:3)
  8 endoplasms
  7 giant cockroaches
  6 goblins
  7 hobgoblins
  3 jackals (D:1)
  5 kobolds
  5 quokkas
  6 ball pythons
  8 bats
  4 frilled lizards
  4 rats
80 creatures vanquished.

Notes
Turn   | Place    | Note
-------+----------+-------------------------------------------
     0 | D:1      | qw the Minotaur Hexslinger began the quest for the Orb.
     0 | D:1      | Reached XP level 1. HP: 16/16 MP: 1/1
     0 | D:1      | 0 ||| qw: Version: 0.3-a-46-gb1f654a
     0 | D:1      | 0 ||| qw: Game counter: 2933
     0 | D:1      | 0 ||| qw: Melee chars always use a shield: true
     0 | D:1      | 0 ||| qw: God list: Okawaru
     0 | D:1      | 0 ||| qw: Allow faded altars: false
     0 | D:1      | 0 ||| qw: Do Orc after clearing Dungeon:15 true
     0 | D:1      | 0 ||| qw: Do second Lair branch before Depths: true
     0 | D:1      | 0 ||| qw: Lair rune preference: random
     0 | D:1      | 0 ||| qw: Goals: Normal
     0 | D:1      | 0 ||| PLANNING D:1-11
    27 | D:1      | 27 ||| FLEEEEING.
    61 | D:1      | 61 ||| SWAPPING to +2 sling of freezing.
    62 | D:1      | 62 ||| DROPPING +1 sling.
    94 | D:1      | Reached skill level 3 in Ranged Weapons
   109 | D:1      | Reached XP level 2. HP: 18/23 MP: 2/2
   587 | D:1      | Reached XP level 3. HP: 29/29 MP: 3/3
   826 | D:1      | 826 ||| UPGRADING to +0 leather armour.
   840 | D:1      | 840 ||| DROPPING +0 robe.
   841 | D:1      | 841 ||| UPGRADING to +5 ring of evasion.
   842 | D:1      | 842 ||| READING 5 scrolls labelled ONAPNI OSIT.
   843 | D:1      | 843 ||| READING scroll labelled RADGHI JIGAE.
   844 | D:1      | 844 ||| READING scroll labelled UCAIGU HYHILL.
   845 | D:1      | 845 ||| READING scroll labelled DIJIVUA NALUTE.
   846 | D:1      | 846 ||| READING 4 scrolls of identify.
   846 | D:1      | 846 ||| IDENTIFYING metallic amethyst potion
   847 | D:1      | 847 ||| READING 3 scrolls of identify.
   847 | D:1      | 847 ||| IDENTIFYING fuming silvery potion
   848 | D:1      | 848 ||| READING 2 scrolls of identify.
   848 | D:1      | 848 ||| IDENTIFYING amethyst potion
   849 | D:1      | 849 ||| DROPPING scroll of poison.
   850 | D:1      | 850 ||| DROPPING potion of attraction.
   851 | D:1      | 851 ||| DROPPING potion of berserk rage.
   912 | D:2      | Reached skill level 4 in Ranged Weapons
  1159 | D:2      | Reached XP level 4. HP: 36/36 MP: 4/4
  1457 | D:2      | Reached skill level 5 in Ranged Weapons
  1641 | D:2      | 1641 ||| DROPPING ring of flight.
  1642 | D:2      | 1642 ||| DRINKING 2 fizzy emerald potions.
  2131 | D:3      | Reached skill level 3 in Fighting
  2131 | D:3      | Reached XP level 5. HP: 45/45 MP: 5/5
  2215 | D:3      | Found Topny's Weapon Shop.
  2244 | D:3      | 2244 ||| UPGRADING to +0 cloak.
  2249 | D:3      | 2249 ||| READING 2 scrolls of identify.
  2249 | D:3      | 2249 ||| IDENTIFYING fuming green potion
  2322 | D:4      | HP: 11/45 [scorpion (4)]
  2325 | D:4      | HP: 5/45 [poisoned by a scorpion]
  2327 | D:4      | Reached skill level 6 in Ranged Weapons
  2327 | D:4      | 2327 ||| DRINKING potion of curing.
  2327 | D:4      | 2327 ||| (to cure poison)
  2334 | D:4      | Reached XP level 6. HP: 14/51 MP: 6/6
  2391 | D:4      | 2391 ||| FLEEEEING.
  2392 | D:4      | 2392 ||| FLEEEEING.
  2393 | D:4      | 2393 ||| FLEEEEING.
  2394 | D:4      | 2394 ||| FLEEEEING.
  2398 | D:4      | 2398 ||| STAIRDANCE
  2523 | D:4      | 2523 ||| Stepping ~*~*~tactically~*~*~ (outnumbered).
  2532 | D:4      | Noticed Eustachio
  2551 | D:4      | HP: 10/53 [Eustachio/+0 rapier (5)]
  2551 | D:4      | Killed from afar by a shadow imp

Levels and vault maps discovered:
D:1:      dpeg_arrival_tiny_a, layout_basic, grunt_decor_mini_mirrors
D:2:      layout_loops_ring
D:3:      layout_loops_ring, serial_shops, nicolae_shop_behind_doors
D:4:      layout_layer_cave, slow_altar_2, serial_bayou_lagoon_b,
          uniq_eustachio, uniq_sigmund

Skill      XL: |  1  2  3  4  5  6 |
---------------+-------------------+-----
Ranged Weapons | 3 4 5 6 |  6.3
Fighting       | 2 3 4 |  4.4
Armour         | 2 |  2.2
Dodging        | |  2.1
Spellcasting   | |  1.0
Hexes          | |  2.0

Action                     |  1- 3 |  4- 6 || total
---------------------------+-------+-------++-------
   Fire: Sling             |   116 |   120 ||   236
    Use: Scroll            |     7 |     1 ||     8
         Potion            |       |     2 ||     2
 Armour: Robe              |    11 |       ||    11
         Leather armour    |     4 |     6 ||    10
  Dodge: Dodged            |    47 |    40 ||    87

Table legend:
 A = Non-vault XP
 B = Vault XP
 C = Vault XP percentage of total XP
 D = Non-vault monster count
 E = Vault monster count
 F = Vault count percentage of total count
                 A         B        C        D         E       F
            +---------+---------+-------+---------+---------+-------
      Total |     597 |       0 |   0.0 |      80 |       0 |   0.0
            +---------+---------+-------+---------+---------+-------
        D:1 |      48 |       0 |   0.0 |      28 |       0 |   0.0
        D:2 |      91 |       0 |   0.0 |      24 |       0 |   0.0
        D:3 |      61 |       0 |   0.0 |      13 |       0 |   0.0
        D:4 |     397 |       0 |   0.0 |      15 |       0 |   0.0
            +---------+---------+-------+---------+---------+-------
